 Dungeon Crawl Stone Soup version bcrawl-1.27.6 (webtiles) character file.

Game seed: 1602448883907440388

368307 Faustar the Fighter (level 11, 0/114 HPs)
             Began as a Gargoyle Berserker on Sept 18, 2020.
             Was an Elder of Trog.
             Killed by divine providence
             ... invoked by an orc priest
              (12 damage)
             ... on level 9 of the Dungeon.
             The game lasted 00:11:23 (7876 turns).

Faustar the Fighter (Gargoyle Berserker)            Turns: 7876, Time: 00:11:23

Health: 0/114      AC: 23    Str: 28    XL:     11   Next: 2%
Magic:  11/11      EV:  9    Int:  9    God:    Trog [****..]
Gold:   638        SH:  0    Dex:  9    Spells: 10/10 levels left

rFire    . . .     SeeInvis +   E - +3 dire flail
rCold    . . .     Gourm    .   (shield currently unavailable)
rNeg     + . .     Faith    .   g - +0 chain mail
rPois    ∞         Spirit   .   t - +1 helmet
rElec    +         Reflect  .   (no cloak)
rCorr    .         Harm     .   (no gloves)
MR       .....                  u - +0 pair of boots
Stlth    ..........             B - amulet of regeneration
HPRegen  0.62/turn              r - +4 ring of protection
MPRegen  0.12/turn              s - ring of see invisible

@: berserking, very quick
A: negative energy resistance 1, electricity resistance, unbreathing,
petrification resistance, rot immunity, AC +8
a: Berserk, Trog's Hand, Brothers in Arms, Renounce Religion


You were on level 9 of the Dungeon.
You worshipped Trog.
Trog was greatly pleased with you.
You were hungry.

You visited 2 branches of the dungeon, and saw 10 of its levels.

You collected 638 gold pieces.

Inventory:

Hand Weapons
 a - a +0 mace
 y - a +2 whip of flaming
 D - a +1 flail of protection
 E - a +3 dire flail (weapon)
Armour
 b - a +0 animal skin
 g - a +0 chain mail (worn)
 t - a +1 helmet (worn)
 u - a +0 pair of boots (worn)
Jewellery
 c - an uncursed ring of stealth
 o - the ring of Hatysono {Fire Int+4 Dex-2}
   (You found it on level 1 of the Dungeon)

   [ring of fire]

   It enhances your fire magic.
   It affects your intelligence (+4).
   It affects your dexterity (-2).
   It protects you from fire.
   It makes you vulnerable to cold.
 r - a +4 ring of protection (left hand)
 s - a ring of see invisible (right hand)
 B - an amulet of regeneration (around neck)
Wands
 F - a wand of scattershot (5)
 G - a wand of random effects (5)
 J - a wand of paralysis (4)
 M - a wand of flame (16)
Scrolls
 f - 2 scrolls of enchant armour
 i - 8 scrolls of teleportation
 j - 12 scrolls of identify
 l - 2 scrolls of remove curse
 v - a scroll of magic mapping {unknown}
 z - a scroll of fear {unknown}
 A - a scroll of blinking {unknown}
 C - a scroll of noise {unknown}
 K - a scroll of fog
Potions
 d - 3 potions of heal wounds {unknown}
 h - a potion of berserk rage {unknown}
 k - 3 potions of mutation {unknown}
 m - a potion of haste {unknown}
 n - 2 potions of brilliance {unknown}
 p - a potion of agility {unknown}
 q - 9 potions of curing
 w - 2 potions of might {unknown}
 x - a potion of flight {unknown}
 H - a potion of resistance {unknown}
Miscellaneous
 I - a lightning rod (4/4)
Comestibles
 e - 17 rations {!d}


   Skills:
 + Level 12.7 Fighting
 + Level 11.8 Maces & Flails
 - Level 2.1 Armour
 - Level 1.5 Dodging


You had 10 spell levels left.
You didn't know any spells.
Your spell library was empty.

Dungeon Overview and Level Annotations

Branches:
Dungeon (9/12)             Temple (1/1) D:4            Lair (0/6) D:9
    Orc (0/1) D:9

Altars:
Cheibriados
Dithmenos
Lugonu
Qazlal
Sif Muna
Uskayaw
Vehumet
Wu Jian
Yredelemnul
Zin
The Shining One

Shops:
D:5 ?   D:9 =


Innate Abilities, Weirdness & Mutations

You are resistant to torment.
Your stone body is resilient. (AC +8)
You are immune to poison.
You resist negative energy. (rN+)
You are resistant to electric shocks. (rElec)
You can survive without breathing.
You are immune to petrification.
You are immune to rotting.


Message History

* * * LOW HITPOINT WARNING * * *
You puncture the orc warrior!
The orc warrior is almost dead.
The orc warrior hits you with a +0 battleaxe!
* * * LOW HITPOINT WARNING * * *
You puncture the orc warrior!
You kill the orc warrior!
Trog accepts your kill.
The orc warrior hits you but does no damage.
The orc priest barely misses you.
Items here: )) [[ † a +0 battleaxe; a +0 plate armour; a +0 mace; a +0 plate armour; an orc corpse You impale the orc warrior!!
The orc warrior is severely wounded.
You completely miss the orc priest.
The orc warrior hits you with a +0 halberd!
* * * LOW HITPOINT WARNING * * *
The orc priest mumbles some strange prayers to Beogh against you.
Beogh smites you!
You die...

#<....############.#...###
.......######## #.###...#
..........^.... #.# #.#.##
......#[..########## ##...#
.....##...## ##...## ##...##
##..##.....###.8.8.###..8..##
##..#.......+.......'^......#
....#..#.#..#..#'#..#..#'#).#
##..#.##.##.#. #@##.#.##)##.#
##..#.#...#.# #oo.#.#.#.))#.#
##..#.#...#.#.#.?.#.#.#...#.#
##..#.##.##.#.##.##.#.##.##.#
###.#..#.#..#..#+#..#..#'#..#
##..##.)....#.......#......##
##.###.....###.8.8.###..8..#####
.....##....###.....###....##...#
.#.#####...)#.......#....#####.##


You could see an orc warrior and an orc priest.

Vanquished Creatures
  An unseen horror (D:9)
  Pikel (D:7)
  A cyclops (D:8)
  An elephant (D:9)
  Joseph (D:7)
  A dryad (D:9)
  2 trolls (D:9)
  A hippogriff (D:9)
  Sigmund (D:4)
  A steam dragon (D:8)
  3 hungry ghosts
  A water moccasin (D:8)
  An ice beast (D:9)
  A sky beast (D:8)
  A black bear (D:8)
  A phantom (D:6)
  2 ogres
  4 orc warriors
  A necrophage (D:6)
  4 centaurs
  3 bullfrogs
  A big kobold (D:8)
  Blork the orc (D:5)
  A water moccasin zombie (D:5)
  A killer bee (D:4)
  A statue (D:9)
  8 wights
  A howler monkey (D:5)
  2 bullfrog zombies (D:6)
  5 crimson imps
  2 hounds
  A bullfrog skeleton (D:4)
  2 orc priests
  3 orc wizards
  2 iguanas (D:4)
  A worker ant (D:4)
  A worker ant zombie (D:6)
  10 adders
  A shadow imp (D:7)
  An adder zombie (D:5)
  3 worms
  A dart slug (D:1)
  9 leopard geckos
  17 orcs
  3 ball pythons
  9 giant cockroaches
  6 goblins
  6 hobgoblins
  12 jackals
  4 quokkas
  3 bats
  8 kobolds
  5 rats
164 creatures vanquished.

Notes
Turn   | Place    | Note
-------+----------+-------------------------------------------
     0 | D:1      | Faustar the Gargoyle Berserker began the quest for the Orb.
     0 | D:1      | Reached XP level 1. HP: 14/14 MP: 1/1
   102 | D:1      | Reached XP level 2. HP: 19/19 MP: 2/2
   352 | D:1      | Reached skill level 4 in Fighting
   352 | D:1      | Reached XP level 3. HP: 11/24 MP: 3/3
   928 | D:1      | Got a smoking marble ring
  1005 | D:2      | Identified the cursed ring of Hatysono {Fire Int+4 Dex-2}
                  | (You found it on level 1 of the Dungeon)
  1028 | D:2      | Found a shadowy altar of Dithmenos.
  1044 | D:2      | Reached ** piety under Trog
  1275 | D:2      | Reached XP level 4. HP: 28/30 MP: 4/4
  1860 | D:2      | Found an ornate altar of the Wu Jian Council.
  2340 | D:3      | Reached XP level 5. HP: 30/34 MP: 5/5
  2367 | D:3      | Reached skill level 5 in Fighting
  2643 | D:4      | Found a staircase to the Ecumenical Temple.
  2665 | Temple   | Entered the Ecumenical Temple
  2682 | D:4      | Reached skill level 5 in Maces & Flails
  2682 | D:4      | Reached XP level 6. HP: 28/40 MP: 6/6
  3152 | D:4      | Reached skill level 6 in Fighting
  3157 | D:4      | Reached *** piety under Trog
  3185 | D:4      | Found a radiant altar of Vehumet.
  3211 | D:4      | Found a stormy altar of Qazlal.
  3211 | D:4      | Noticed Sigmund
  3227 | D:4      | Killed Sigmund
  3227 | D:4      | Reached XP level 7. HP: 47/47 MP: 7/7
  3265 | D:4      | Found a glowing silver altar of Zin.
  3274 | D:4      | Found a hide-covered altar of Uskayaw.
  3283 | D:4      | Found a basalt altar of Yredelemnul.
  3449 | D:5      | Entered Level 5 of the Dungeon
  3520 | D:5      | Reached skill level 7 in Fighting
  3709 | D:5      | Found Talidgh's Magic Scroll Emporium.
  3855 | D:5      | Reached XP level 8. HP: 42/54 MP: 8/8
  4005 | D:5      | Noticed Blork the orc
  4024 | D:5      | Killed Blork the orc
  4328 | D:6      | Reached skill level 8 in Fighting
  4822 | D:6      | Reached skill level 9 in Fighting
  4916 | D:6      | Found a glowing golden altar of the Shining One.
  4977 | D:6      | Reached XP level 9. HP: 18/60 MP: 9/9
  5179 | D:7      | Noticed Joseph
  5198 | D:7      | Killed Joseph
  5333 | D:7      | Noticed Pikel
  5353 | D:7      | Killed Pikel
  5353 | D:7      | Reached skill level 10 in Fighting
  6418 | D:8      | Reached skill level 10 in Maces & Flails
  6526 | D:8      | Found a corrupted altar of Lugonu.
  6543 | D:8      | Found a shimmering blue altar of Sif Muna.
  6586 | D:8      | Reached skill level 11 in Fighting
  6599 | D:8      | Reached XP level 10. HP: 69/69 MP: 10/10
  6766 | D:8      | Noticed a cyclops
  6777 | D:8      | Killed a cyclops
  7049 | D:8      | Found a snail-covered altar of Cheibriados.
  7186 | D:9      | Noticed an elephant
  7217 | D:9      | Found a staircase to the Lair.
  7240 | D:9      | Killed an elephant
  7280 | D:9      | Reached **** piety under Trog
  7323 | D:9      | Reached skill level 12 in Fighting
  7341 | D:9      | Found a staircase to the Orcish Mines.
  7352 | D:9      | Noticed an unseen horror
  7367 | D:9      | Killed an unseen horror
  7686 | D:9      | Found Hinaiz Jaute's Jewellery Emporium.
  7778 | D:9      | Reached XP level 11. HP: 72/76 MP: 11/11
  7876 | D:9      | Killed from afar by an orc priest

Skill      XL: |  1  2  3  4  5  6  7  8  9 10 |
---------------+-------------------------------+-----
Fighting       | 4 5 6 7 9 11 12 | 12.7
Maces & Flails | 4 5 6 7 8 10 11 | 11.8
Armour         | |  2.1
Dodging        | |  1.5

Action                   |  1- 3 |  4- 6 |  7- 9 | 10-12 || total
-------------------------+-------+-------+-------+-------++-------
Melee: Mace              |   113 |   190 |   266 |       ||   569
       Flail             |       |       |    51 |       ||    51
       Whip              |       |       |    22 |       ||    22
       Dire flail        |       |       |     8 |   182 ||   190
Invok: Berserk           |     3 |     3 |     6 |     2 ||    14
       Trog's Hand       |       |     1 |     2 |       ||     3
  Use: Scroll            |       |       |     4 |       ||     4
  Eat: Chunk             |     7 |    14 |    25 |     9 ||    55
       Ration            |       |       |     1 |       ||     1
Armor: Chain mail        |    96 |   157 |   194 |   113 ||   560
       Animal skin       |     4 |       |       |       ||     4
Dodge: Dodged            |    80 |   109 |   158 |    70 ||   417
